 Dungeon Crawl Stone Soup version 0.18-a0-373-gaf408bd (webtiles) character file.

329 4thArraOfDagon the Skirmisher (level 6, 0/68 HPs)
             Began as an Ogre Hunter on Nov 29, 2015.
             Slain by an orc warrior
             ... wielding a cursed -2 long sword
              (17 damage)
             ... on level 7 of the Dungeon.
             The game lasted 00:04:23 (698 turns).

4thArraOfDagon the Skirmisher (Ogre Hunter)          Turns: 698, Time: 00:04:23

Health: 0/68       AC:  4    Str: 18    XL:     6   Next: 50%
Magic:  7/7        EV: 10    Int: 12    God:
Gold:   89         SH:  0    Dex: 10    Spells: 0 memorised, 5 levels left

rFire  . . .     SeeInvis .     h - +0 rod of inaccuracy (0/12)
rCold  . . .     Clarity  .     b - +1 robe
rNeg   . . .     SustAt   .     (no shield)
rPois  +         Gourm    .     (helmet restricted)
rElec  .         Spirit   .     (no cloak)
rCorr  .         Warding  .     (gloves unavailable)
rMut   .         Stasis   .     (boots unavailable)
MR     .....                    q - amulet of rage
Stlth  ++........               o - ring of stealth
                                j - ring of poison resistance

@: not resistant to hostile enchantments, unstealthy
A: unfitting armour, tough skin 1
a: Evoke Berserk Rage


You were on level 7 of the Dungeon.
You were not hungry.

You visited 1 branch of the dungeon, and saw 7 of its levels.

You collected 89 gold pieces.

Inventory:

Hand Weapons
 a - a +0 short sword
 g - a +0 giant club
 p - a +2 flail of protection
Missiles
 c - 2 large rocks (quivered)
 f - 7 stones
Armour
 b - a +1 robe (worn)
 k - a cursed +0 large shield
Rods
 h - a +0 rod of inaccuracy (0/12) (weapon)
   (You found it on level 5 of the Dungeon)
Jewellery
 j - a ring of poison resistance (left hand)
 o - a ring of stealth (right hand)
 q - an amulet of rage (around neck)
Wands
 l - a wand of draining (0)
Potions
 i - a potion of might {unknown}
 m - a potion of berserk rage {unknown}
 n - a potion of ambrosia {unknown}
 s - a potion of brilliance {unknown}
Comestibles
 e - 2 bread rations


   Skills:
 + Level 6.9 Fighting
 * Level 4.2 Maces & Flails
 - Level 4.0 Throwing
 - Level 1.7 Dodging
 - Level 0.7 Stealth
 + Level 1.4 Evocations


You had 5 spell levels left.
You didn't know any spells.

Dungeon Overview and Level Annotations

Branches:
Dungeon (7/15)
 Temple: D:4-7

Altars:
Okawaru

Annotations:
D:4 4thArraOfDagon's ghost, amateur OgHu


Innate Abilities, Weirdness & Mutations

You are too large for most types of armour.
You have tough skin (AC +1).


Message History

The orc warrior hits you with an enchanted long sword!
* * * LOW HITPOINT WARNING * * *
Throwing (i - inventory. (,) - cycle):
c - 5 large rocks (quivered)
Press: ? - help, Shift-Dir - straight line, f/p - orc warrior
Aim: an orc warrior, wielding an enchanted long sword and wearing a chain mail (severely wounded, lightly drained)
You throw a large rock. The large rock hits the orc warrior!
The orc warrior is almost dead.
The orc warrior closely misses you.
Throwing (i - inventory. (,) - cycle):
c - 4 large rocks (quivered)
Press: ? - help, Shift-Dir - straight line, f/p - orc warrior
Aim: an orc warrior, wielding an enchanted long sword and wearing a chain mail (almost dead, lightly drained)
You throw a large rock.
The large rock barely misses the orc warrior.
Throwing (i - inventory. (,) - cycle):
c - 3 large rocks (quivered)
Press: ? - help, Shift-Dir - straight line, f/p - orc warrior
Aim: an orc warrior, wielding an enchanted long sword and wearing a chain mail (almost dead, lightly drained)
You throw a large rock.
The large rock closely misses the orc warrior.
The orc warrior hits you with an enchanted long sword!
You die...

..# #.# #.# #.## ##
#####..####### .
#............#
#.###..#####.# #.#
##..# #.# #..8..
#.# #@># #.#
#.8_8.##.# ##o# #.#
####..8..##.#####5#
#.#
..##≈≈.≈≈#........#
#.#
..##g≈.≈g#........#
#.#
..##≈≈.≈≈#........#
#.#
..##..............#
#.#
..##..............#
#.#
..))..............#
#.######


You could see an orc warrior and a crimson imp.

Vanquished Creatures
  An ogre (D:4)
  A giant frog (D:6)
  A scorpion (D:4)
  A hound (D:6)
  A giant frog skeleton (D:5)
  An orc wizard (D:7)
  An iguana (D:4)
  A worker ant (D:7)
  An adder zombie (D:6)
  A worm (D:3)
  6 orcs
  A bat (D:1)
  A giant cockroach (D:5)
  A hobgoblin (D:1)
  A giant gecko skeleton (D:6)
  4 jackals (D:4)
24 creatures vanquished.

Notes
Turn   | Place    | Note
--------------------------------------------------------------
     0 | D:1      | 4thArraOfDagon the Ogre Hunter began the quest for the Orb.
     0 | D:1      | Reached XP level 1. HP: 22/22 MP: 1/1
   101 | D:4      | Reached XP level 2. HP: 22/32 MP: 2/2
   108 | D:4      | Noticed an ogre
   119 | D:4      | Killed an ogre
   119 | D:4      | Reached skill level 6 in Fighting
   119 | D:4      | Reached XP level 3. HP: 28/44 MP: 3/3
   119 | D:4      | Reached XP level 4. HP: 33/52 MP: 4/4
   133 | D:4      | Reached skill level 1 in Maces & Flails
   136 | D:4      | Noticed 4thArraOfDagon's ghost (amateur OgHu)
   171 | D:5      | Entered Level 5 of the Dungeon
   182 | D:5      | Identified a +0 rod of inaccuracy (12/12) (You found it on level 5 of the Dungeon)
   208 | D:4      | Reached XP level 5. HP: 55/61 MP: 5/5
   377 | D:6      | Reached skill level 1 in Evocations
   458 | D:6      | Reached XP level 6. HP: 61/68 MP: 6/6
   581 | D:7      | Found an iron altar of Okawaru.
   698 | D:7      | Slain by an orc warrior

Vault maps used:
D:1:      minmay_arrival_shattered_statue
D:2:      overflow_temple_1_default
D:3:      first_bread, gup_sewer_entry_glass, uniq_jessica
D:4:      fedhas_altar_4, minmay_temple_entry_large_hall
D:6:      lemuel_slime, nicolae_overflow_hidden_temple, mrwooster_statue_mirror,
          nicolae_lava_and_water, minmay_misc_feat_more_columns, uniq_menkaure
D:7:      kennysheep_mini_moat, kennysheep_okawaru_gauntlet

Action                   |  1- 3 |  4- 6 || total
-------------------------+-------+-------++-------
Melee: Short sword       |    17 |       ||    17
       Giant club        |       |    28 ||    28
       Flail             |       |    22 ||    22
Throw: Large rock        |     3 |     6 ||     9
       Throwing net      |       |     3 ||     3
       Stone             |       |     5 ||     5
Evoke: Rod               |       |     4 ||     4
       Wand              |       |     2 ||     2
  Use: Scroll            |       |     3 ||     3
